 Dungeon Crawl Stone Soup version 0.31-a0-1522-g43313d8a59 (webtiles) character file.

Game seed: 1858455350625297868

238 AstroCodex24 the Covered (level 5, -6/46 HPs)
             Began as a Demigod Fighter on Dec 30, 2023.
             Shot with an arrow by a centaur (7 damage)
             ... on level 6 of the Dungeon.
             The game lasted 00:04:23 (1327 turns).

AstroCodex24 the Covered (Demigod Fighter)          Turns: 1327, Time: 00:04:23

Health: -6/46      AC:  7    Str: 27    XL:     5   Next: 48%
Magic:  7/7        EV: 10    Int: 10    God:
Gold:   93         SH:  5    Dex: 13    Spells: 4/4 levels left

rFire   . . .        a - +0 war axe
rCold   . . .        c - +0 buckler
rNeg    . . .        b - +0 scale mail
rPois   .            (no helmet)
rElec   .            (no cloak)
rCorr   .            (no gloves)
SInv    .            (no boots)
Will    .....        (no amulet) Stlth
                     i - +6 ring of strength
HPRegen 0.27/turn    (no ring)
MPRegen 0.10/turn

%: no passive effects
@: no status effects
A: high MP 1, forlorn, divine attributes
a: no special abilities


You were on level 6 of the Dungeon.
You visited 1 branch of the dungeon, and saw 6 of its levels.

You collected 93 gold pieces.

Inventory:

Hand Weapons
 a - a +0 war axe (weapon)
Armour
 b - a +0 scale mail (worn)
 c - a +0 buckler (worn)
Jewellery
 i - a +6 ring of strength (left hand)
 k - an amulet of reflection
Scrolls
 f - a scroll of vulnerability {unknown}
 g - a scroll of fog {unknown}
 h - 4 scrolls of identify {unknown}
 l - 2 scrolls of enchant armour {unknown}
Potions
 d - a potion of might
 e - 2 potions of attraction {unknown}
 j - 2 potions of curing {unknown}


   Skills:
 + Level 3.7 Fighting
 + Level 2.6 Axes
 + Level 4.0 Armour
 + Level 1.3 Dodging
 + Level 3.5 Shields


You had 4 spell levels left.
You didn't know any spells.
Your spell library contained the following spells:

 Spells                   Type           Power      Damage    Failure   Level
 Freeze                   Ice            0%         1d3       69%         1
 Frozen Ramparts          Ice            0%         1d1       96%         3
 Hailstorm                Conj/Ice       0%         3d5       96%         3


Dungeon Overview and Level Annotations

Branches:
Dungeon (6/15)             Temple (0/1) D:5


Innate Abilities, Weirdness & Mutations

You have an increased reservoir of magic. (+10% MP)
You shall have no god before yourself.
Your divine heritage dramatically boosts your attributes as you level up.


Message History

You see here a +0 leather armour.
You see here 5 curare-tipped darts.
Found 7 gold pieces.
You now have 74 gold pieces (gained 7).
You see here a +0 war axe.
Found a scroll labelled BIWKACYBLO and a scroll labelled PUETHE ID VUO.
Found a stone staircase leading up.
h - 3 scrolls labelled BIWKACYBLO (gained 1)
l - 2 scrolls labelled PUETHE ID VUO (gained 1)
There is a stone staircase leading up here.
You see here a +0 war axe.
There is a stone staircase leading down here.
You climb downwards.
Found a scroll labelled BIWKACYBLO, 19 gold pieces and a book of Frost.
Found a stone staircase leading up.
There is a stone staircase leading up here.
You pick up a book of Frost and begin reading...
You add the spells Freeze, Frozen Ramparts and Hailstorm to your library.
You now have 81 gold pieces (gained 7).
h - 4 scrolls labelled BIWKACYBLO (gained 1)
There is a stone staircase leading up here.
Found a stone staircase leading down.
There is a stone staircase leading up here.
You now have 93 gold pieces (gained 12).
A centaur comes into view.
The centaur shouts!
The centaur wields a +0 shortbow.
The centaur shoots an arrow.
The arrow misses you.
The centaur shoots an arrow.
The arrow hits you.
Found a Fen Folio.
The centaur shoots an arrow.
The arrow hits you!
The centaur shoots an arrow.
You block the arrow.
The centaur shoots an arrow.
The arrow hits you!
The centaur shoots an arrow.
The arrow hits you but does no damage.
The centaur shoots an arrow.
The arrow hits you!
* * * LOW HITPOINT WARNING * * *
The centaur shoots an arrow.
You block the arrow.
The centaur shoots an arrow.
The arrow hits you!
* * * LOW HITPOINT WARNING * * *
The centaur shoots an arrow.
The arrow hits you!
You die...

..#.###...#
..........#
..###.....#######
.................
...#....#.#######
..>.......#.....###
.#.####..<........#
........##........#
.#.####@##<.......#
#.##........#
#c##........#
#:##.......##
..###......... ###
##########


You could see a centaur.

Vanquished Creatures
  A phantom (D:5)
  Blork the orc (D:5)
  A bombardier beetle (D:5)
  2 iguanas (D:5)
  An adder (D:4)
  2 goblins
  4 jackals (D:4)
  A quokka (D:1)
  A ball python (D:1)
14 creatures vanquished.

Notes
Turn   | Place    | Note
-------+----------+-------------------------------------------
     0 | D:1      | AstroCodex24 the Demigod Fighter began the quest for the
                  | Orb.
     0 | D:1      | Reached XP level 1. HP: 18/18 MP: 3/3
   170 | D:4      | Reached XP level 2. HP: 26/26 MP: 4/4
   254 | D:5      | Entered Level 5 of the Dungeon
   289 | D:5      | Reached skill level 3 in Armour
   289 | D:5      | Reached XP level 3. HP: 19/31 MP: 5/5
   535 | D:5      | Noticed a phantom
   563 | D:5      | Killed a phantom
   564 | D:5      | Reached XP level 4. HP: 20/38 MP: 6/6
   670 | D:5      | Noticed Blork the orc
   682 | D:5      | Killed Blork the orc
   683 | D:5      | Reached skill level 1 in Dodging
   683 | D:5      | Reached XP level 5. HP: 31/46 MP: 7/7
   702 | D:5      | Found a staircase to the Ecumenical Temple.
  1036 | D:5      | Reached skill level 4 in Armour
  1321 | D:6      | Noticed a centaur
  1327 | D:6      | HP: 1/46 [centaur/arrow (12)]
  1327 | D:6      | Shot with an arrow by a centaur

Illustrated notes

Levels and vault maps discovered:
D:1:      mainiacjoe_arrival_oval_in_oval, layout_basic,
          hellmonk_ecumenical_altar_prayer_group, hangedman_decor_opposing,
          due_unseen_surprise
D:2:      layout_loops_ring, uniq_natasha
D:3:      layout_loops_ring, uniq_grinder
D:4:      layout_cave_pods, serial_shops, shop, gammafunk_ghost_nasty_kobolds,
          minmay_fountain_box, uniq_robin
D:5:      layout_rooms, minmay_temple_entry_trees, uniq_blork_the_orc
D:6:      layout_basic, nicolae_shop_gadgets

Skill      XL: |  1  2  3  4  5 |
---------------+----------------+-----
Fighting       | 3 |  3.7
Axes           | 2 |  2.6
Armour         | 3 4 |  4.0
Shields        | 3 |  3.5
Dodging        | 1 |  1.3

Action                     |  1- 3 |  4- 6 || total
---------------------------+-------+-------++-------
  Melee: War axe           |   116 |   186 ||   302
 Armour: Scale mail        |    60 |    14 ||    74
  Dodge: Dodged            |    50 |     8 ||    58
  Block: Buckler           |    21 |     3 ||    24

Table legend: (Time is in decaauts)
 A = Elapsed time spent in this place.
 B = Non-inter-level travel time spent in this place.
 C = Inter-level travel time spent in this place.
 D = Time resting spent in this place.
 E = Time spent auto-exploring this place.
 F = Levels seen in this place.
 G = Mean time per level.
                   A        B        C        D        E       F      G
               +--------+--------+--------+--------+--------+-----+--------+
         Total |   1451 |   1377 |     74 |      0 |      0 |   6 |  241.8 |
       Dungeon |   1451 |   1377 |     74 |      0 |      0 |   6 |  241.8 |
               +--------+--------+--------+--------+--------+-----+--------+

Top non-repeatable levels by time:
     D:5: 1123 daAuts
     D:1: 129 daAuts
     D:4: 104 daAuts
     D:3: 50 daAuts
     D:6: 38 daAuts
     D:2: 3 daAuts
